Map: Romanticide LE

Players

Geralt (Gerald)

  • Race: Protoss Protoss
  • League: Grandmaster
  • Spawn Location: 5:00

uwuThermal (uThermal) - Winner!

  • Race: Terran Terran
  • League: Master
  • Spawn Location: 11:00

VOD

Have the link to the VOD?

Description

Time

  • Played on: Sept. 27, 2020, 2:53 p.m.
  • Length: 13:22
Show
View Real Time Build Order
Export as new Build Order

Geralt Protoss 

Build Orders: 1 Gate Expand, Blink Stalkers 

Get SALT Encoding   

  12  0:00  Probe  
  13  0:13  Probe  
  14  0:18  Pylon  
  14  0:25  Probe (Chrono Boost)  
  15  0:37  Probe (Chrono Boost), Gateway  
  16  0:44  Probe (Chrono Boost)  
  16  0:47  Assimilator  
  17  0:52  Probe  
  19  1:04  Probe  
  19  1:16  Probe  
  20  1:24  Nexus  
  20  1:32  Cybernetics Core  
  20  1:35  Probe  
  21  1:42  Pylon  
  21  1:47  Probe  
  21  1:49  Assimilator  
  22  1:59  Probe  
  23  2:06  Adept (Chrono Boost)  
  23  2:10  Warp Gate  
  23  2:12  Probe  
  26  2:24  Probe  
  27  2:30  Twilight Council  
  27  2:31  Adept (Chrono Boost)  
  29  2:41  Probe  
  29  2:50  Probe  
  30  2:53  Probe  
  30  2:57  Adept (Chrono Boost), Gateway  
  33  3:02  Probe  
  34  3:06  Probe, Gateway  
  35  3:14  Probe  
  35  3:18  Probe  
  37  3:20  Blink (Chrono Boost)  
  37  3:26  Probe  
  38  3:30  Probe  
  38  3:31  Robotics Facility  
  39  3:39  Probe  
  39  3:40  Pylon  
  40  3:42  Probe  
  41  3:51  Probe  
  42  3:55  Nexus  
  42  3:58  Probe  
  43  4:03  Pylon  
  43  4:04  Probe  
  43  4:07  Stalker  
  46  4:13  Stalker  
  46  4:14  Probe  
  49  4:17  Probe  
  49  4:18  Observer  
  49  4:21  Stalker  
  53  4:27  Probe  
  53  4:29  Probe, Assimilator  
  55  4:38  Gateway x2  
  55  4:39  Probe  
  55  4:44  Pylon  
  56  4:48  Forge  
  56  4:49  Probe  
  56  4:52  Probe  
  58  4:59  Pylon  
  58  5:01  Probe  
  58  5:04  Probe, Stalker x2  
  58  5:16  Probe (Chrono Boost)  
  58  5:17  Probe x2 (Chrono Boost)  
  59  5:27  Probe x3 (Chrono Boost)  
  62  5:29  Charge, Templar Archives  
  62  5:30  Observer  
  62  5:32  Probe (Chrono Boost)  
  62  5:33  Probe x2 (Chrono Boost)  
  66  5:40  Probe x2, Stalker  
  66  5:41  Zealot  
  66  5:42  Probe  
  73  5:52  Probe x2, Pylon  
  73  5:54  Probe  
  73  5:55  Protoss Ground Armor Level 1  
  76  6:00  Psionic Storm  
  73  6:04  Probe  
  73  6:10  Probe  
  75  6:11  Probe  
  75  6:15  Zealot x5  
  86  6:23  Probe  
  86  6:24  Probe  
  88  6:30  Gateway  
  88  6:31  Gateway  
  88  6:34  Gateway  
  88  6:35  Probe x2  
  88  6:36  Probe  
  91  6:46  Pylon  
  92  6:47  Probe, Pylon  
  92  6:48  Probe, High Templar  
  95  6:57  Probe  
  95  6:59  Probe  
  95  7:00  High Templar  
  95  7:01  Zealot x3  
  95  7:03  Shield Battery  
  101  7:12  Warp Prism  
  103  7:17  Pylon  
  103  7:18  Pylon  
  103  7:20  Assimilator  
  103  7:27  Stalker x2  
  103  7:28  Zealot x4  
  109  7:30  Probe  
  109  7:31  Probe  
  109  7:32  Probe  
  112  7:43  Probe x2  
  112  7:44  Zealot x2  
  116  7:49  Zealot x4  
  113  8:00  High Templar  
  113  8:07  Zealot x2  
  113  8:15  Zealot x4  
  95  8:28  Zealot x2  
  90  8:36  Zealot x3  
  90  8:37  Immortal (Chrono Boost)  
  82  8:45  Probe  
  82  8:47  Pylon  
  81  8:51  Gateway  
  81  8:54  Zealot x4, Gateway  
  89  8:55  Gateway x2  
  89  8:57  Gateway  
  89  9:00  Probe  
  89  9:01  Protoss Ground Weapons Level 1  
  90  9:06  Assimilator  
  90  9:07  Zealot x2  
  90  9:08  Zealot x2  
  98  9:10  Assimilator  
  98  9:13  Immortal  
  101  9:20  High Templar  
  101  9:23  Nexus  
  103  9:24  Pylon  
  103  9:31  Robotics Bay, Pylon  
  103  9:38  Probe  
  104  9:42  High Templar  
  106  9:47  Zealot x3  
  106  9:48  Stalker x2  
  116  9:53  Probe x2  
  116  9:54  Probe  
  116  9:59  Stalker x4  
  127  10:08  Probe  
  127  10:09  Probe, Observer  
  129  10:17  Probe  
  129  10:18  Stalker  
  132  10:22  Pylon  
  132  10:23  Pylon  
  132  10:25  Pylon  
  132  10:27  Pylon  
  132  10:29  Disruptor  
  132  10:35  Unknown  
  125  10:39  Shield Battery  
  125  10:41  Probe, Shield Battery  
  126  10:43  Shield Battery  
  126  10:44  Photon Cannon  
  126  10:46  Shield Battery  
  126  10:49  Stalker  
  127  10:50  Stalker x3  
  133  11:03  Stalker x2, Zealot x2  
  139  11:04  Probe  
  139  11:05  Disruptor  
  143  11:15  Stalker  
  143  11:16  Stalker x2, Zealot x5  
  139  11:33  Probe  
  139  11:38  Zealot x3  
  146  11:41  Disruptor  
  146  11:46  Zealot x3, Nexus  
  149  11:55  Zealot x3  
  107  12:09  Zealot x3, High Templar x3  
  107  12:10  Zealot x2  
  101  12:32  Zealot x3  
  101  12:33  Zealot x5  
  67  12:48  Stalker x4  
  47  13:00  High Templar x6  
  47  13:04  Archon x2  
  47  13:05  Archon, High Templar  
Show
View Real Time Build Order
Export as new Build Order

uwuThermal Terran - Winner!

Build Orders: Reaper Expand 

Get SALT Encoding   

  12  0:00  SCV  
  13  0:12  SCV  
  14  0:17  Supply Depot  
  14  0:24  SCV  
  15  0:38  SCV  
  15  0:39  Barracks  
  15  0:42  Refinery  
  16  0:50  SCV  
  17  1:02  SCV  
  18  1:14  SCV  
  19  1:27  Reaper, Orbital Command  
  20  1:39  Command Center  
  20  1:54  SCV, Supply Depot  
  20  1:59  Marine  
  22  2:06  SCV  
  23  2:11  Factory  
  23  2:20  Barracks Reactor, Bunker  
  23  2:23  SCV  
  24  2:31  Refinery  
  24  2:35  SCV  
  25  2:47  SCV  
  26  2:52  Orbital Command  
  26  2:55  Hellion  
  26  2:56  Starport  
  28  2:59  Marine  
  28  3:01  SCV  
  28  3:04  Marine  
  31  3:13  SCV  
  31  3:17  SCV  
  31  3:19  Factory Tech Lab  
  33  3:21  Marine  
  33  3:26  SCV  
  35  3:29  SCV  
  36  3:38  SCV, Widow Mine, Marine  
  36  3:39  Marine  
  41  3:41  Supply Depot  
  41  3:42  SCV  
  41  3:44  Medivac  
  43  3:50  SCV  
  43  3:54  SCV  
  45  3:57  Supply Depot, Marine  
  46  4:03  SCV, Marine, Widow Mine  
  50  4:10  Barracks  
  50  4:13  SCV, Barracks  
  50  4:15  SCV  
  52  4:17  Marine  
  52  4:20  Supply Depot, Marine  
  54  4:25  SCV  
  54  4:27  SCV  
  54  4:30  Raven, Factory Tech Lab  
  58  4:34  Refinery  
  58  4:35  Engineering Bay  
  58  4:36  Marine  
  58  4:37  SCV  
  60  4:38  Marine  
  60  4:41  SCV  
  62  4:46  Supply Depot  
  62  4:49  SCV  
  63  4:53  SCV  
  63  4:57  Marine x2  
  63  4:59  Factory Tech Lab  
  66  5:00  Terran Infantry Weapons Level 1  
  66  5:01  SCV  
  66  5:04  Stimpack, Marauder  
  66  5:05  SCV  
  70  5:14  SCV  
  69  5:16  Marine  
  69  5:17  SCV  
  69  5:18  Siege Tank  
  69  5:20  Supply Depot, Marine  
  75  5:21  Refinery  
  75  5:23  Marauder  
  75  5:25  Starport Reactor  
  77  5:35  Barracks x2  
  77  5:37  Marine  
  77  5:41  Combat Shield, Marine  
  77  5:42  Marauder  
  81  5:43  Supply Depot  
  81  5:46  Marauder  
  83  5:52  Siege Tank  
  86  6:01  Supply Depot  
  86  6:02  Supply Depot  
  86  6:04  Marine x3  
  86  6:07  Supply Depot  
  86  6:08  Medivac  
  91  6:11  Medivac  
  91  6:12  Supply Depot  
  91  6:16  Missile Turret  
  93  6:23  Marauder, Marine x2  
  93  6:24  Supply Depot  
  97  6:26  Siege Tank  
  97  6:27  Marine  
  97  6:28  Marine  
  102  6:32  Supply Depot  
  102  6:38  Medivac, Marine  
  105  6:40  Marine  
  105  6:42  Marine  
  105  6:44  Marauder  
  108  6:48  Marine x2  
  109  6:55  Supply Depot  
  109  6:56  Marauder  
  109  6:57  Concussive Shells  
  109  6:58  Siege Tank  
  109  6:59  Marine  
  112  7:05  Marauder  
  112  7:07  Supply Depot  
  114  7:14  Medivac  
  116  7:17  Marine  
  116  7:18  Marauder  
  116  7:21  Marine  
  116  7:22  Medivac  
  122  7:27  Marauder  
  124  7:30  Marine x2  
  124  7:34  Command Center, Siege Tank  
  123  7:44  Medivac  
  117  7:59  Medivac, Marine  
  117  8:00  Marauder, Marine x3  
  117  8:01  Marauder  
  119  8:17  Medivac  
  105  8:21  Marine  
  105  8:22  Marauder, Marine x4  
  109  8:29  Medivac  
  108  8:39  Marine  
  108  8:40  Marine  
  100  8:42  Marine  
  100  8:43  Marine  
  100  8:47  Orbital Command  
  100  8:48  SCV x2  
  93  8:57  Marine x2  
  93  9:00  SCV x2  
  93  9:01  Factory Reactor, Marauder x2  
  93  9:02  Liberator x2  
  107  9:07  Barracks Reactor  
  107  9:10  Terran Infantry Armor Level 1  
  107  9:12  SCV x2  
  110  9:21  Marine  
  110  9:22  Marauder, Marine  
  110  9:23  Marauder  
  116  9:24  SCV  
  116  9:25  Marine  
  116  9:29  SCV, Missile Turret  
  118  9:36  SCV  
  118  9:37  SCV  
  120  9:39  Marine x2  
  120  9:40  Widow Mine x2  
  120  9:44  Marauder x3  
  120  9:45  Liberator  
  132  9:47  Missile Turret  
  132  9:49  Marine  
  136  9:53  Liberator  
  136  9:55  Supply Depot, Marine  
  139  10:00  Supply Depot  
  139  10:01  Widow Mine  
  139  10:03  Widow Mine  
  139  10:05  Marauder  
  145  10:07  Marauder, Marine  
  145  10:10  Marine  
  145  10:11  Supply Depot  
  145  10:12  Supply Depot  
  145  10:13  Marine x2  
  145  10:14  Marauder  
  153  10:22  Supply Depot, Widow Mine  
  153  10:24  Widow Mine  
  153  10:25  Marine  
  153  10:26  Marine  
  153  10:28  Liberator  
  161  10:35  Marine  
  161  10:36  Marauder  
  161  10:42  Marauder, Marine  
  167  10:44  Widow Mine  
  167  10:46  Marine x2  
  167  10:47  Marauder  
  173  10:57  Marauder  
  173  11:14  Marine  
  173  11:15  Marauder  
  173  11:16  Widow Mine  
  173  11:17  Widow Mine  
  167  11:19  Marine x2  
  167  11:20  Marauder x2  
  167  11:23  Medivac  
  175  11:28  Marine, Liberator  
  175  11:31  Command Center  
  175  11:32  Marine  
  178  11:36  Marauder  
  180  11:41  Marauder  
  180  11:44  Marine  
  180  11:45  Marauder  
  180  11:46  Widow Mine  
  187  11:48  Refinery  
  187  11:49  Refinery, Widow Mine  
  187  11:52  Liberator  
  165  12:08  Marine x2  
  165  12:09  Marauder x2  
  165  12:10  Marine x2  
  165  12:11  Marauder  
  165  12:12  SCV  
  167  12:28  Liberator  
  164  12:30  Marauder  
  164  12:32  Marine  
  164  12:33  Marauder  
  165  12:43  Widow Mine  
  157  12:45  Marauder, Marine  
  157  12:48  Marine x2  
  157  12:50  Widow Mine, Marine  
  154  12:52  Marauder  
  154  12:54  Marauder  
  154  13:02  Marine  
  156  13:06  SCV  
Tags
 
Add a new tag
Caveats
  • Supply blocks, unpowered buildings, or Contaminate may cause inaccurate times.
  • Supply counts are checked every 10 seconds.